[Event "Team 45 45 League T34"]
[Site "Internet Chess Club"]
[Date "2007.09.09"]
[Round "8"]
[White "Zornorph"]
[Black "fishhead"]
[Result "1-0"]
[WhiteElo "2022"]
[BlackElo "1795"]
[Opening "Alekhine's defense: two pawns' (Lasker's) attack"]
[ECO "B02"]
[Time "17:02:08"]
[TimeControl "2700+45"]

1. e4 Nf6 2. e5 Nd5 3. c4 Nb6 4. c5 Nd5 5. Nc3 Nxc3 6. dxc3 g6 7. Nf3 Bg7 8. Bc4
Nc6 9. O-O O-O 10. Re1 b6 11. Bf4 Bb7 12. cxb6 axb6 13. Qd2 d6 14. e6 f6 15. Bd5
Qc8 16. Bh6 Rd8 17. Bxg7 Kxg7 18. a3 Ne5 19. Bxb7 Qxb7 20. Nd4 c5 21. Ne2 Ra4
22. f4 Nc6 23. Ng3 f5 24. Qf2 Rf8 25. Re3 Rf6 26. b3 Ra8 27. Qb2 Nd8 28. Rae1 b5
29. Nf1 Qa7 30. Qe2 Qb6 31. Qb2 d5 32. Rd1 Rxe6 33. Rxd5 c4 34. Kf2 Rxe3 35.
Nxe3 Ne6 36. g3 cxb3 37. c4+ Kf7 38. Qxb3 Nc7 39. cxb5 e6 40. Rd7+ Kg8 41. Qc3
Ne8 42. Qc6 Qxc6 43. bxc6 Rc8 44. Re7 Ng7 45. c7 Kf8 46. Rd7 Ne8 47. Rxh7 Rxc7
48. Rxc7 Nxc7 49. Ke2 Ke7 50. Kd3 Kd6 51. Nc4+ Kd5 52. h4 Ne8 53. Ne5 Nf6 54.
Nxg6 Nh5 55. a4 Nxg3 56. a5 Kc5 57. a6 Kb6 58. Kd4 Kxa6 59. Ke5 Kb6 60. Kxe6 Kc7
61. Ne7 Kd8 62. Nxf5 Nh5 63. Ke5 Ke8 64. Nh6 Kf8 65. Kf5 Kg7 66. Kg5 Ng3 67.
Nf5+ {Black resigns} 1-0

[Event "Team 45 45 League T34"]
[Site "Internet Chess Club"]
[Date "2007.09.09"]
[Round "8"]
[White "Mater"]
[Black "kabindra"]
[Result "0-1"]
[WhiteElo "1655"]
[BlackElo "1834"]
[Opening "Queen's pawn game"]
[ECO "E20"]
[Time "11:01:14"]
[TimeControl "2700+45"]

1. d4 Nf6 2. c4 e6 3. Nc3 b6 4. e4 Bb7 5. e5 Ne4 6. Nxe4 Bxe4 7. Nf3 Bb4+ 8. Bd2
Qe7 9. a3 Bxd2+ 10. Nxd2 Bg6 11. Nf3 O-O 12. Bd3 Bxd3 13. Qxd3 d6 14. O-O Nd7
15. Rfe1 dxe5 16. Nxe5 Nxe5 17. Rxe5 h6 18. Rae1 Qd6 19. Qe4 Rad8 20. d5 exd5
21. Rxd5 Qf6 22. b4 Rxd5 23. Qxd5 Qc3 24. Rd1 Qxa3 25. Qb7 Qxb4 26. Qxc7 a5 27.
g3 a4 28. Rd6 b5 29. cxb5 Qxb5 30. Rb6 Qd3 31. Qa7 a3 32. Ra6 Qd1+ 33. Kg2 Qd5+
34. Kf1 Qh1+ 35. Ke2 Re8+ 36. Kd2 Qe1+ 37. Kd3 Qe2+ 38. Kc3 Qb2+ 39. Kc4 Rc8+
40. Kd5 Rd8+ 41. Ke4 Qe2+ 42. Kf4 g5+ 43. Kf5 Rd5+ 44. Kf6 Qe5# {White
checkmated} 0-1

[Event "Team 45 45 League T34"]
[Site "Internet Chess Club"]
[Date "2007.09.07"]
[Round "8"]
[White "jaybird"]
[Black "jazzpiano"]
[Result "1/2-1/2"]
[WhiteElo "1634"]
[BlackElo "1775"]
[Opening "English: Carls' Bremen system"]
[ECO "A22"]
[Time "22:06:03"]
[TimeControl "2700+45"]

1. c4 e5 2. Nc3 Nf6 3. g3 Nc6 4. Bg2 Bb4 5. Nd5 O-O 6. Nxb4 Nxb4 7. Nf3 d6 8. d3
Nc6 9. O-O h6 10. a3 Be6 11. e4 Qd7 12. Re1 Bh3 13. b4 Bxg2 14. Kxg2 Nh7 15. d4
Rad8 16. Bb2 f6 17. Qb3 Ng5 18. Nxg5 fxg5 19. Rad1 Qf7 20. f3 g4 21. Rf1 gxf3+
22. Rxf3 Qg6 23. Rxf8+ Rxf8 24. Qe3 Qf7 25. d5 Nd4 {Game drawn by mutual
agreement} 1/2-1/2

[Event "Team 45 45 League T34"]
[Site "Internet Chess Club"]
[Date "2007.09.07"]
[Round "8"]
[White "diegoami"]
[Black "tammany"]
[Result "1/2-1/2"]
[WhiteElo "1867"]
[BlackElo "1554"]
[Opening "Sicilian: Najdorf, Opocensky variation"]
[ECO "B92"]
[Time "16:03:57"]
[TimeControl "2700+45"]

1. e4 c5 2. Nf3 d6 3. d4 cxd4 4. Nxd4 Nf6 5. Nc3 a6 6. Be2 e5 7. Nb3 Be7 8. Be3
Be6 9. g4 h6 10. Rg1 Nbd7 11. h4 Nc5 12. f3 Nfd7 13. g5 hxg5 14. hxg5 Qc7 15.
Nxc5 dxc5 16. Nd5 Bxd5 17. Qxd5 g6 18. O-O-O Nb6 19. Qb3 Bd6 20. Rh1 O-O-O 21.
Rh6 Rxh6 22. gxh6 Rh8 23. Rh1 Kb8 24. h7 Ka8 25. Bc4 Nxc4 26. Qxc4 Bf8 27. Bg5
Bg7 28. c3 Rc8 29. Qd5 Bh8 30. Rh4 f6 31. Be3 Qc6 32. Qxc6 Rxc6 33. Kd2 Kb8 34.
f4 exf4 35. Bxf4+ Kc8 36. Rh1 g5 37. Be3 b6 38. b3 Rd6+ 39. Ke2 Kd7 40. Rd1 Rxd1
41. Kxd1 Ke6 42. Kc2 Kf7 43. Kd3 Kg7 44. a4 Kxh7 45. Kc4 Kg6 46. b4 f5 47. bxc5
bxc5 48. exf5+ Kxf5 49. Bxc5 Be5 50. Kd3 g4 51. c4 g3 52. Bg1 Kg4 53. Ke4 Bc7
54. c5 g2 55. c6 Kg3 56. Kd3 Kf3 57. Kd2 Ba5+ 58. Kd3 Bc7 59. Kd2 Ke4 60. Ke2
Kd5 61. Kf3 Kxc6 62. Kxg2 Ba5 63. Kf3 Kd5 64. Ke2 Kc4 65. Kd1 Kb4 66. Kc2 Kxa4
67. Kb2 Kb4 68. Ka2 Kc4 69. Bh2 Bb6 70. Bf4 a5 71. Bd2 a4 72. Ka3 Kb5 73. Ka2
Bc5 74. Bc1 Kc4 75. Bb2 Kd3 {Game drawn by mutual agreement} 1/2-1/2

[Event "Team 45 45 League T34"]
[Site "Internet Chess Club"]
[Date "2007.09.08"]
[Round "8"]
[White "Klampin"]
[Black "chickenhead"]
[Result "1/2-1/2"]
[WhiteElo "1991"]
[BlackElo "1887"]
[Opening "Queen's pawn: Torre attack"]
[ECO "A40"]
[Time "15:02:10"]
[TimeControl "2700+45"]

1. d4 e6 2. Nf3 Nf6 3. Bg5 Be7 4. e3 O-O 5. Nbd2 d5 6. Bd3 c5 7. c3 Nc6 8. Qe2
Bd7 9. Ne5 Ne8 10. Bxe7 Qxe7 11. Qh5 g6 12. Qh3 f6 13. Nxd7 Qxd7 14. f4 cxd4 15.
exd4 Ng7 16. O-O-O Qc7 17. Kb1 Qxf4 18. Rhf1 Qc7 19. Qh4 Qe7 20. Rde1 Rae8 21.
Qh6 e5 22. g4 Qd7 23. g5 f5 24. dxe5 Rxe5 25. Nf3 Rxe1+ 26. Rxe1 Re8 27. Qh4
Rxe1+ 28. Qxe1 Qe6 29. Qd2 Ne8 30. Qc1 Nd6 31. h4 Kf8 32. Qg1 Ke7 33. b3 f4 34.
Qc5 Kd7 35. Kc2 b6 36. Qf2 Ne4 37. Qh2 Qd6 38. Kb2 a5 39. Qc2 Nc5 40. Bb5 Kc7
41. Nd4 Ne5 {Game drawn by mutual agreement} 1/2-1/2

[Event "Team 45 45 League T34"]
[Site "Internet Chess Club"]
[Date "2007.09.09"]
[Round "8"]
[White "VanillaQueen"]
[Black "Vitruvian"]
[Result "1/2-1/2"]
[WhiteElo "1862"]
[BlackElo "1855"]
[Opening "Queen's pawn game"]
[ECO "D02"]
[Time "10:01:59"]
[TimeControl "2700+45"]

1. d4 d5 2. Nf3 e6 3. e3 c6 4. Bd3 f5 5. c4 Nf6 6. Nc3 Bd6 7. Ne5 O-O 8. O-O
Nbd7 9. f4 Qe8 10. h3 Ne4 11. Bxe4 fxe4 12. c5 Be7 13. b4 Nxe5 14. fxe5 b6 15.
a4 Ba6 16. Rxf8+ Bxf8 17. Ra2 Bd3 18. Rf2 Qg6 19. Ne2 Qh5 20. Qe1 Bxe2 21. Qxe2
Qxe2 22. Rxe2 Rb8 23. Rb2 {Game drawn by mutual agreement} 1/2-1/2

[Event "Team 45 45 League T34"]
[Site "Internet Chess Club"]
[Date "2007.09.07"]
[Round "8"]
[White "superbeast"]
[Black "Ingo"]
[Result "1-0"]
[WhiteElo "1624"]
[BlackElo "1738"]
[Opening "English opening: Agincourt variation"]
[ECO "A13"]
[Time "17:59:06"]
[TimeControl "2700+45"]

1. c4 d5 2. Nf3 e6 3. g3 b5 4. cxb5 a6 5. Qa4 Nd7 6. Nc3 Bb7 7. d4 Ngf6 8. Bg5
axb5 9. Qxb5 Ba6 10. Bxf6 Qc8 11. Qb3 Nxf6 12. Bg2 Rb8 13. Qa4+ c6 14. Rb1 Bd6
15. O-O O-O 16. Rfe1 Nd7 17. Qc2 f6 18. e4 Nb6 19. e5 fxe5 20. Nxe5 c5 21. Ne2
Bxe5 22. dxe5 Nd7 23. Nf4 Qc6 24. b4 c4 25. a4 Bc8 26. b5 Qb6 27. Nxd5 exd5 28.
Bxd5+ Kh8 29. e6 Nf6 30. e7 Re8 31. Bf7 Bh3 32. Bxe8 Rxe8 33. Qxc4 Qb7 34. Qc6
{Black resigns} 1-0

[Event "Team 45 45 League T34"]
[Site "Internet Chess Club"]
[Date "2007.09.09"]
[Round "8"]
[White "TigerLilly"]
[Black "rayonline53"]
[Result "1/2-1/2"]
[WhiteElo "1645"]
[BlackElo "1645"]
[Opening "Sicilian: closed"]
[ECO "B23"]
[Time "16:19:24"]
[TimeControl "2700+45"]

1. e4 c5 2. Nc3 d6 3. f4 Nc6 4. Nf3 a6 5. Bc4 Nf6 6. d3 Bg4 7. e5 Bxf3 8. Qxf3
dxe5 9. fxe5 Nxe5 10. Qxb7 Nxc4 11. dxc4 Qc8 12. Qf3 e6 13. Bg5 Be7 14. Ne4 Nxe4
15. Bxe7 Kxe7 16. Qxe4 Qc7 17. O-O Rad8 18. Rad1 Rxd1 19. Rxd1 Rd8 20. Rd3 Rxd3
21. cxd3 h6 22. b3 Qd6 23. g3 e5 24. Kg2 a5 25. Kf3 Qd4 26. Qb7+ Kf6 27. Qc6+
Kf5 28. Qc8+ Kf6 29. Qc6+ Kf5 30. Qc8+ Kf6 31. Qa6+ Kf5 {Game drawn by mutual
agreement} 1/2-1/2

[Event "Team 45 45 League T34"]
[Site "Internet Chess Club"]
[Date "2007.09.08"]
[Round "8"]
[White "Terte"]
[Black "PiedraBuena"]
[Result "1-0"]
[WhiteElo "2126"]
[BlackElo "1789"]
[Opening "Gunderam defense"]
[ECO "C40"]
[Time "03:01:32"]
[TimeControl "2700+45"]

1. e4 e5 2. Nf3 Qe7 3. Bc4 d6 4. O-O Nf6 5. Ng5 Be6 6. Nxe6 fxe6 7. Nc3 c6 8. d4
Nbd7 9. a4 d5 10. exd5 exd5 11. dxe5 Nxe5 12. Bb3 O-O-O 13. Re1 Qc7 14. h3 Bd6
15. Be3 Rhf8 16. a5 a6 17. Bb6 Qf7 18. Qd4 Rde8 19. Na4 Qg6 20. Kh1 Ne4 21. Rxe4
Qxe4 22. Qxe4 dxe4 23. Rd1 Bc7 24. Bc5 Rd8 25. Re1 Bd6 26. Bb6 Rde8 27. Rxe4 Bc7
28. Bc5 Rf6 29. f4 Rd8 30. fxe5 Rf1+ 31. Kh2 Bxa5 32. Bd6 Bc7 33. Bxc7 Kxc7 34.
e6 Kd6 35. Nb6 Ke7 36. Nc4 Rdf8 37. Nd2 R1f4 38. Re3 c5 39. Ne4 b6 40. Bd5 R8f5
41. c4 b5 42. b3 g5 43. Nxc5 bxc4 44. bxc4 a5 45. Rb3 g4 46. Rb7+ Kd6 47. Nd3
{Black resigns} 1-0

[Event "Team 45 45 League T34"]
[Site "Internet Chess Club"]
[Date "2007.09.08"]
[Round "8"]
[White "alexcluster"]
[Black "andreip"]
[Result "0-1"]
[WhiteElo "1798"]
[BlackElo "1980"]
[Opening "Dutch with c4 & Nc3"]
[ECO "A85"]
[Time "14:10:20"]
[TimeControl "2700+45"]

1. d4 f5 2. c4 Nf6 3. Nc3 e6 4. Nf3 Be7 5. g3 b6 6. Bg2 Bb7 7. O-O d6 8. d5 e5
9. Re1 Nbd7 10. e4 Nxe4 11. Nxe4 fxe4 12. Rxe4 Nf6 13. Re1 h6 14. Qc2 O-O 15.
Nh4 Bc8 16. Ng6 Rf7 17. Nxe7+ Rxe7 18. f4 Qe8 19. fxe5 Rxe5 20. Rxe5 Qxe5 21.
Bf4 Qh5 22. Rf1 Bg4 23. b3 Re8 24. Qb1 Re2 25. Rf2 Rxf2 26. Kxf2 Qxh2 27. Qh1
Qxh1 28. Bxh1 Bf5 29. Bf3 Bb1 30. a3 g5 31. Bc1 Bc2 32. b4 Bd3 33. Bb2 Kf7 34.
Bxf6 Kxf6 35. Be2 Bxe2 36. Kxe2 h5 37. Kf3 Ke5 38. Ke3 h4 {White resigns} 0-1

[Event "Team 45 45 League T34"]
[Site "Internet Chess Club"]
[Date "2007.09.06"]
[Round "8"]
[White "Victorianum"]
[Black "mambomex"]
[Result "1/2-1/2"]
[WhiteElo "1613"]
[BlackElo "1781"]
[Opening "Two knights defense"]
[ECO "C58"]
[Time "15:38:30"]
[TimeControl "2700+45"]

1. e4 e5 2. Nf3 Nc6 3. Bc4 Nf6 4. Ng5 d5 5. exd5 Na5 6. Bb5+ c6 7. dxc6 bxc6 8.
Ba4 h6 9. Nf3 e4 10. Qe2 Be6 11. Ng1 Qd4 12. Bb3 Nxb3 13. axb3 Rd8 14. h3 Bc5
15. Nc3 O-O 16. Na4 Qd6 17. Nxc5 Qxc5 18. Qd1 e3 19. fxe3 Qg5 20. Qe2 Ne4 21.
Nf3 Qg3+ 22. Kf1 Qg6 23. Kg1 Ng3 24. Qd1 Nxh1 25. Kxh1 Bd5 26. d3 f5 27. Qf1 Qd6
28. d4 Qg3 29. Bd2 f4 30. exf4 Bxf3 31. Qxf3 Qxf3 32. gxf3 Rxd4 33. Be3 Rd5 34.
Rxa7 Rd1+ 35. Kg2 Rf6 36. c3 Rg6+ 37. Kf2 Rh1 38. Bd4 Rxh3 39. f5 Rg5 40. f4
Rxf5 41. Rxg7+ Kf8 42. Rg6 Rxf4+ 43. Kg2 Rhh4 44. Rxc6 h5 45. b4 Rfg4+ 46. Kf3
Rh3+ 47. Kf2 Rh2+ 48. Kf3 Rxb2 49. Rc5 Rb3 50. Be3 Ke8 51. Rxh5 Rc4 52. Rc5
Rbxc3 53. Rxc4 Rxc4 54. Bc5 Kd7 55. Ke3 Kc6 56. Kd2 Kb5 57. Kd3 Rg4 58. Kc3 Rf4
59. Kd3 Rh4 60. Kc3 Re4 61. Kd3 Re5 62. Kd4 Rh5 63. Kd3 Rh1 64. Kc3 Rd1 65. Kc2
Rd5 66. Kc3 Rd7 67. Bf8 Rh7 68. Bc5 Rh4 69. Kd3 Rh8 70. Kc3 Rd8 71. Be7 Rd7 72.
Bc5 {Game drawn by mutual agreement} 1/2-1/2

[Event "Team 45 45 League T34"]
[Site "Internet Chess Club"]
[Date "2007.09.06"]
[Round "8"]
[White "fantanaranja"]
[Black "gugamircea"]
[Result "1-0"]
[WhiteElo "1743"]
[BlackElo "1492"]
[Opening "QGD: Tarrasch defense"]
[ECO "D32"]
[Time "13:07:59"]
[TimeControl "2700+45"]

1. d4 d5 2. Nf3 c5 3. c4 e6 4. cxd5 exd5 5. Nc3 Nf6 6. Bg5 c4 7. e4 Be6 8. Bxf6
gxf6 9. exd5 Bxd5 10. Qe2+ Be7 11. O-O-O Nc6 12. Nxd5 Qxd5 13. Qxc4 Qxc4+ 14.
Bxc4 O-O 15. Rhe1 Bb4 16. Re4 Kh8 17. d5 Na5 18. Bb5 Rac8+ 19. Kb1 Bd6 20. b4 b6
21. bxa5 bxa5 22. Nd4 Rb8 23. Kc2 Rfc8+ 24. Bc6 Rb4 25. Rde1 Be5 26. Nb3 Rbb8
27. f4 Bd6 28. Nd4 a4 29. Kd3 a3 30. Nb5 Bf8 31. Nxa7 Rd8 32. f5 Rb2 33. R1e2
Rb6 34. Re8 Rxe8 35. Rxe8 Kg7 36. Nb5 h5 37. Rc8 Bd6 38. Nxd6 Rb2 39. Nc4 Rxa2
40. d6 Ra1 41. d7 a2 42. d8=Q Rd1+ 43. Nd2 Kh6 44. Qxf6+ {Black resigns} 1-0

[Event "Team 45 45 League T34"]
[Site "Internet Chess Club"]
[Date "2007.09.08"]
[Round "8"]
[White "fledermaus"]
[Black "chessateer"]
[Result "1/2-1/2"]
[WhiteElo "2083"]
[BlackElo "1832"]
[Opening "Richter-Veresov attack"]
[ECO "D01"]
[Time "11:04:25"]
[TimeControl "2700+45"]

1. d4 d5 2. Nc3 Nf6 3. Bg5 Nbd7 4. f3 c6 5. e4 dxe4 6. fxe4 e5 7. dxe5 Qa5 8.
Bxf6 gxf6 9. Bc4 Nxe5 10. Bb3 Ba3 11. Qc1 Qxc3+ 12. bxc3 Bxc1 13. Rxc1 Be6 14.
Nf3 Rg8 15. Nxe5 fxe5 16. Bxe6 fxe6 17. O-O Rd8 18. Rf2 Rf8 19. Re1 Rxf2 20.
Kxf2 Rd2+ 21. Re2 Rd1 22. Re1 Rd2+ 23. Re2 Rd1 {Game drawn by mutual agreement}
1/2-1/2

[Event "Team 45 45 League T34"]
[Site "Internet Chess Club"]
[Date "2007.09.09"]
[Round "8"]
[White "siddhu"]
[Black "Wheels"]
[Result "1/2-1/2"]
[WhiteElo "1847"]
[BlackElo "1876"]
[Opening "Sicilian: Alapin's variation (2.c3)"]
[ECO "B22"]
[Time "10:30:46"]
[TimeControl "2700+45"]

1. e4 c5 2. c3 g6 3. d4 cxd4 4. cxd4 d5 5. Bb5+ Nc6 6. Qa4 Qd6 7. Bf4 Qxf4 8.
Bxc6+ Kd8 9. Qa5+ Qc7 10. Qxd5+ Qd6 11. Qxd6+ exd6 12. Bb5 Bg7 13. Nf3 Bg4 14.
Nbd2 Nf6 15. Bd3 Re8 16. h3 Nxe4 17. Nxe4 Bxf3 18. gxf3 f5 19. O-O fxe4 20. Bxe4
Bxd4 21. Rfd1 Be5 22. Bxb7 Rb8 23. Bc6 Re7 24. Rab1 Kc7 25. Be4 Rxb2 26. Rxb2
Bxb2 27. Rb1 Bd4 28. Rb7+ Kd8 29. Kg2 Rxb7 30. Bxb7 Ke7 31. f4 Ke6 32. Be4 d5
33. Bd3 a5 34. a4 Bg7 35. Kg3 Kf6 36. Kg4 h5+ 37. Kh4 Bh6 38. Kg3 Bg7 39. Kf3
Bf8 40. Ke3 Bc5+ 41. Ke2 Bd6 42. Kf3 Bc5 43. Bc2 Be7 44. Ke3 Bc5+ 45. Ke2 Bd6
46. Kd3 Bxf4 47. Kd4 g5 48. Kxd5 g4 49. hxg4 hxg4 50. Ke4 g3 51. fxg3 Bxg3 {Game
drawn by mutual agreement} 1/2-1/2

[Event "Team 45 45 League T34"]
[Site "Internet Chess Club"]
[Date "2007.09.08"]
[Round "8"]
[White "jlowe"]
[Black "michaelus"]
[Result "1-0"]
[WhiteElo "1714"]
[BlackElo "1740"]
[Opening "two knights defense: Ulvestad variation"]
[ECO "C57"]
[Time "12:03:32"]
[TimeControl "2700+45"]

1. e4 e5 2. Nf3 Nc6 3. Bc4 Nf6 4. Ng5 d5 5. exd5 b5 6. Bf1 h6 7. Nxf7 Kxf7 8.
dxc6 Bc5 9. Bxb5 Bxf2+ 10. Kxf2 Qd4+ 11. Kf1 Rf8 12. Qe2 Be6 13. Qe3 Qb4 14. Be2
Kg8 15. Ke1 Ng4 16. Bxg4 Bxg4 17. Qb3+ {Black resigns} 1-0

[Event "Team 45 45 League T34"]
[Site "Internet Chess Club"]
[Date "2007.09.09"]
[Round "8"]
[White "parrot9"]
[Black "GoIrish"]
[Result "1/2-1/2"]
[WhiteElo "1692"]
[BlackElo "1583"]
[Opening "Alekhine's defense"]
[ECO "B03"]
[Time "07:17:30"]
[TimeControl "2700+45"]

1. e4 Nf6 2. e5 Nd5 3. d4 d6 4. exd6 cxd6 5. c4 Nb6 6. Nf3 Bg4 7. Be3 e6 8. Nbd2
N8d7 9. h3 Bh5 10. Be2 Be7 11. O-O O-O 12. Rc1 Rc8 13. b3 Nf6 14. Bd3 Nbd7 15.
Ne4 e5 16. Ng3 Re8 17. Bxh7+ Kxh7 18. Ng5+ Kg8 19. Nxh5 g6 20. Nxf6+ Bxf6 21.
Ne4 exd4 22. Nxf6+ Nxf6 23. Bxd4 Re6 24. Qf3 Ne4 25. Qf4 Qg5 26. Qxg5 Nxg5 27.
Rfe1 a6 28. Rxe6 fxe6 29. Rd1 Rc7 30. Bb6 Rd7 31. Re1 Kf7 32. f4 Nh7 33. Rd1 d5
34. g4 Nf6 35. Rd4 Ne4 36. f5 Nc3 37. fxg6+ Kxg6 38. Kg2 e5 39. Rd2 d4 40. Ba5
Ne4 41. Re2 Nf6 42. Rxe5 d3 43. Bd2 Rd4 44. Re6 Kf7 45. Rb6 Ne4 46. Rxb7+ Ke6
47. Rb6+ Ke5 48. Be3 Rd7 49. Rxa6 d2 50. Ra5+ Ke6 51. Bxd2 Rxd2+ 52. Kf3 Nc3 53.
a3 Rd3+ 54. Kf4 Ne2+ 55. Kg5 Rxh3 56. Ra6+ Ke5 57. b4 Nd4 58. Ra5+ Ke6 59. Kg6
Nc2 60. Ra6+ Ke5 61. g5 Nxa3 62. c5 Nb5 63. Ra5 Nd4 64. c6+ Kd6 65. Ra6 Kc7 66.
Kf7 Rg3 67. g6 Rf3+ 68. Ke7 Nxc6+ 69. Rxc6+ Kxc6 70. g7 Rg3 71. Kf7 Rxg7+ 72.
Kxg7 Kb5 73. Kf6 Kxb4 {Game drawn because neither player has mating material}
1/2-1/2

In accordance with Statute 11.D which states:

"Both players are assigned equal and binding responsibility to insure the game is played with the proper color allocation and time control. ¶ SC 11-12.

1. If an error in the color allocation and time control is discovered before the completion of Black's 3rd move, the game is to be aborted and restarted with the error corrected.

2. If an error is discovered after the completion of Black's 3rd move, the game in progress is to be completed and shall stand as official."

The results of the game stand and the point goes to Black.

PS

[Event "Team 45 45 League T34"]
[Site "Internet Chess Club"]
[Date "2007.09.06"]
[Round "8"]
[White "SuperPeon"]
[Black "ETwoEFour"]
[Result "0-1"]
[WhiteElo "2083"]
[BlackElo "2122"]
[Opening "Bishop's opening: Berlin defense"]
[ECO "C24"]
[Time "22:00:42"]
[TimeControl "2700+45"]

1. e4 e5 2. Bc4 Nf6 3. d3 Bc5 4. Nc3 c6 5. Nf3 O-O 6. Bb3 d6 7. O-O b5 8. Be3
Nbd7 9. Qe2 Bxe3 10. fxe3 Nc5 11. Qe1 Qb6 12. Kh1 Ng4 13. Nd1 a5 14. Ng5 d5 15.
Nc3 Qd8 16. Nf3 dxe4 17. Nxe4 Nxe4 18. dxe4 a4 19. h3 Nh6 20. Nxe5 axb3 21. Nxc6
Qc7 22. Nd4 bxa2 23. Qb4 Bd7 24. Qb3 Qc4 25. Rfd1 Qxb3 26. Nxb3 Bc6 27. Rd4 Rfe8
28. Nd2 f6 29. Kg1 Nf7 30. c4 bxc4 31. Rxc4 Ne5 32. Rc3 Bd7 33. Ra3 Rxa3 34.
bxa3 Be6 35. Kf2 Rb8 36. Ke2 Rb2 37. Kd1 Nc4 {White resigns} 0-1

[Event "Team 45 45 League T34"]
[Site "Internet Chess Club"]
[Date "2007.09.08"]
[Round "8"]
[White "CoronelCintra"]
[Black "backfire"]
[Result "0-1"]
[WhiteElo "1959"]
[BlackElo "1909"]
[Opening "Sicilian: dragon, Levenfish variation"]
[ECO "B71"]
[Time "19:03:19"]
[TimeControl "2700+45"]

1. e4 c5 2. Nf3 d6 3. d4 cxd4 4. Nxd4 Nf6 5. Nc3 g6 6. f4 Nc6 7. Nxc6 bxc6 8. e5
Nd7 9. Qf3 Qb6 10. Bd2 dxe5 11. Na4 Qc7 12. Be2 Bg7 13. O-O O-O 14. Rad1 Nf6 15.
fxe5 Qxe5 16. Bf4 Qa5 17. Qxc6 Bf5 18. Bc7 Rac8 19. Bxa5 Rxc6 20. Nc3 Bxc2 21.
Rc1 Bf5 22. Nd5 Re6 23. Nf4 Re4 24. Rc4 Rxe2 25. Nxe2 Bd3 26. Rc7 Bxe2 27. Re1
Bb5 28. Rxa7 Nd5 29. Rd1 e6 30. Bc3 Nxc3 31. bxc3 Bxc3 32. Rb7 Ba4 {White
resigns} 0-1

[Event "Team 45 45 League T34"]
[Site "Internet Chess Club"]
[Date "2007.09.08"]
[Round "8"]
[White "cityprosecutor"]
[Black "NoiselessBear"]
[Result "1-0"]
[WhiteElo "1853"]
[BlackElo "1852"]
[Opening "Pirc: classical, h3 system"]
[ECO "B08"]
[Time "10:39:59"]
[TimeControl "2700+45"]

1. e4 d6 2. d4 Nf6 3. Nc3 g6 4. Nf3 Bg7 5. h3 O-O 6. Be3 c6 7. a4 b6 8. Be2 Nfd7
9. Qd2 Ba6 10. h4 Bxe2 11. Qxe2 h5 12. Ng5 c5 13. d5 Ne5 14. f3 Nbd7 15. g4 Nf6
16. gxh5 Nxh5 17. Rg1 a6 18. f4 Nd7 19. f5 Ne5 20. fxg6 fxg6 21. O-O-O b5 22.
Ne6 Qa5 23. Rxg6 Rf6 24. Rxf6 Nxf6 25. Rg1 Kf7 26. Rxg7+ Ke8 27. Qg2 Kd7 {Black
resigns} 1-0

[Event "Team 45 45 League T34"]
[Site "Internet Chess Club"]
[Date "2007.09.09"]
[Round "8"]
[White "RisingMercury"]
[Black "SpikeyJ"]
[Result "1/2-1/2"]
[WhiteElo "2053"]
[BlackElo "1976"]
[Opening "Pirc defense"]
[ECO "B07"]
[Time "13:15:49"]
[TimeControl "2700+45"]

1. e4 d6 2. d4 g6 3. Nc3 Nf6 4. h3 a6 5. a4 Bg7 6. Nf3 O-O 7. Be3 Nc6 8. Bc4
Nxe4 9. Nxe4 d5 10. Bd3 dxe4 11. Bxe4 Qd6 12. O-O f5 13. Bxc6 Qxc6 14. d5 Qd6
15. c4 e6 16. Bd4 exd5 17. Bxg7 Kxg7 18. cxd5 Bd7 19. Qd4+ Qf6 20. Ne5 Rad8 21.
Rfd1 Be6 22. Qc3 Rxd5 23. Qxc7+ Kg8 24. Rxd5 Bxd5 25. Rd1 Qe6 26. f4 Rc8 27. Qd7
Qxd7 28. Nxd7 Bc6 29. Nb6 Re8 30. Rd2 Re4 31. g3 Re3 32. Kh2 {Game drawn by
mutual agreement} 1/2-1/2

[Event "Team 45 45 League T34"]
[Site "Internet Chess Club"]
[Date "2007.09.08"]
[Round "8"]
[White "ddlj81"]
[Black "SuperMathBoy"]
[Result "1/2-1/2"]
[WhiteElo "1958"]
[BlackElo "1992"]
[Opening "Sicilian: Najdorf, Opocensky variation"]
[ECO "B92"]
[Time "13:06:29"]
[TimeControl "2700+45"]

1. e4 c5 2. Nf3 d6 3. d4 cxd4 4. Nxd4 Nf6 5. Nc3 a6 6. Be2 e5 7. Nb3 Be7 8. O-O
O-O 9. Kh1 Nc6 10. a4 Be6 11. f4 exf4 12. Bxf4 Rc8 13. Nd4 Ne5 14. Nxe6 fxe6 15.
Qd4 Nfd7 16. Bg3 Qc7 17. Rad1 Qc6 18. Rf2 Rxf2 19. Bxf2 Rf8 20. Bg3 Qc8 21. h3
Nc6 22. Qe3 Nde5 23. Kh2 Qc7 24. Kh1 Rf6 25. Bf4 Rf7 26. Bh5 g6 27. Be2 Qa5 28.
g3 Bf8 29. h4 Qb4 30. b3 Be7 31. Kh2 Rf8 32. h5 Rf7 33. Kh1 Kh8 34. hxg6 hxg6
35. Kg2 g5 36. Bxg5 Bxg5 37. Qxg5 Qxc3 38. Qh6+ Kg8 39. Rh1 Nd7 40. Rh5 Qf6 41.
Rg5+ Rg7 42. Rxg7+ Qxg7 43. Qxe6+ Kh8 44. Qe8+ Nf8 45. Bxa6 bxa6 46. Qxc6 {Game
drawn by mutual agreement} 1/2-1/2

[Event "Team 45 45 League T34"]
[Site "Internet Chess Club"]
[Date "2007.09.08"]
[Round "8"]
[White "Razorbackchess"]
[Black "StrayLite"]
[Result "0-1"]
[WhiteElo "1855"]
[BlackElo "2006"]
[Opening "English: symmetrical, Botvinnik system"]
[ECO "A36"]
[Time "18:09:37"]
[TimeControl "2700+45"]

1. c4 c5 2. g3 g6 3. Bg2 Bg7 4. Nc3 Nc6 5. e4 d6 6. Nge2 e5 7. O-O Nge7 8. d3
O-O 9. Rb1 a5 10. f4 exf4 11. Nxf4 Rb8 12. Ncd5 Nxd5 13. Nxd5 Be6 14. Nf4 Bd7
15. Be3 b5 16. b3 Nd4 17. h3 Be5 18. Kh2 h5 19. Ne2 Nxe2 20. Qxe2 h4 21. Bf4
hxg3+ 22. Bxg3 Bxg3+ 23. Kxg3 Qg5+ 24. Kh2 Qe5+ 25. Kh1 Kg7 26. Qe3 b4 27. Qf4
Be6 28. Rf3 Rh8 29. Qxe5+ dxe5 30. Rb2 a4 31. Rbf2 Ra8 32. Bf1 axb3 33. axb3 Ra1
34. Kg2 Rb1 35. Ra2 Rxb3 36. Ra5 Rc8 37. Kg3 Rb8 38. Rxc5 Rc3 {White resigns}
0-1

[Event "Team 45 45 League T34"]
[Site "Internet Chess Club"]
[Date "2007.09.08"]
[Round "8"]
[White "searchforbobby1"]
[Black "Ozgur-Bjk"]
[Result "0-1"]
[WhiteElo "2070"]
[BlackElo "2173"]
[Opening "Sicilian: Alapin's variation (2.c3)"]
[ECO "B22"]
[Time "09:05:51"]
[TimeControl "2700+45"]

1. e4 c5 2. c3 Nf6 3. e5 Nd5 4. d4 cxd4 5. Nf3 Nc6 6. cxd4 d6 7. Bc4 Nb6 8. Bb5
dxe5 9. Nxe5 Bd7 10. Nxd7 Qxd7 11. Nc3 e6 12. Qg4 g6 13. Bxc6 Qxc6 14. d5 Nxd5
15. Qd4 Nxc3 16. Qxh8 Qxg2 17. Rf1 Qe4+ 18. Be3 Nd5 19. Rg1 Nxe3 20. fxe3 Qxe3+
21. Kf1 Rd8 22. Qc3 Qxc3 23. bxc3 Bg7 24. Rb1 b6 25. Ke2 Bxc3 26. Rgd1 Rxd1 27.
Rxd1 Ke7 28. Rc1 Be5 29. h3 f5 30. Rc8 h5 31. a4 g5 32. Ra8 a5 33. Ra6 Bd4 34.
Kd3 Bc5 35. Ra7+ Kf6 36. Rh7 h4 37. Rh8 Ke5 38. Rh6 f4 39. Ke2 Kf5 40. Rh7 e5
41. Rf7+ Kg6 42. Rd7 e4 43. Rd5 f3+ 44. Kd2 e3+ 45. Kd3 e2 46. Re5 Bb4 {White
resigns} 0-1